 Dungeon Crawl Stone Soup version 0.26-a0-1107-g6118521029 (webtiles) character file.

Game seed: 10737196752086036628

67 Dracia the Unweaver (level 3, -4/29 HPs)
             Began as a Demonspawn Abyssal Knight on Dec 16, 2020.
             Was a Follower of Lugonu.
             Slain by an orc warrior
             ... wielding a +0 war axe
              (7 damage)
             ... on level 3 of the Dungeon.
             The game lasted 00:02:01 (1613 turns).

Dracia the Unweaver (Demonspawn Abyssal Knight)     Turns: 1613, Time: 00:02:02

Health: -4/29      AC:  7    Str: 13      XL:     3   Next: 98%
Magic:  5/5        EV:  8    Int: 13      God:    Lugonu [*.....]
Gold:   141        SH:  7    Dex: 11 (12) Spells: 2/2 levels left

rFire    . . .     SeeInvis .   a - +1 falchion
rCold    . . .     Faith    .   k - +0 kite shield
rNeg     + . .     Spirit   .   b - +0 leather armour
rPois    .         Reflect  .   (no helmet)
rElec    .         Harm     .   (no cloak)
rCorr    .         Rampage  .   h - +0 pair of gloves
Will     +....                  (no boots)
Stlth    +.........             (no amulet)
HPRegen  0.09/turn              c - ring of willpower
MPRegen  0.09/turn              N - ring of positive energy

@: very slightly contaminated, invisible
A: hooves 1, thin metallic scales 1, deterioration 1, low mp 1, mutation
resistance 1, shaggy fur 1
a: Depart the Abyss, Renounce Religion


You were on level 3 of the Dungeon.
You worshipped Lugonu.
Lugonu was aware of your devotion.
You visited 1 branch of the dungeon, and saw 3 of its levels.
You visited the Abyss 1 time.

You collected 141 gold pieces.


Innate Abilities, Weirdness & Mutations

You have large cloven feet.
You are partially covered in thin metallic scales. (AC +2)
Your body sometimes deteriorates upon taking damage.
Your magical capacity is low. (-10% MP)
You are somewhat resistant to further mutation.
You are covered in fur. (AC +1)


   Skills:
 - Level 3.0 Fighting
 + Level 2.8 Long Blades
 - Level 1.7 Armour
 - Level 0.8 Dodging
 + Level 1.1 Shields
 + Level 4.0 Invocations


You had 2 spell levels left.
You didn't know any spells.
Your spell library was empty.

Inventory:

Hand Weapons
 a - a +1 falchion (weapon)
Missiles
 q - 12 poisoned darts
Armour
 b - a +0 leather armour (worn)
 h - a +0 pair of gloves (worn)
 k - a +0 kite shield (worn)
Magical Staves
 l - an uncursed staff of death {!a!a, unknown}
Jewellery
 c - a ring of willpower (left hand)
 N - a ring of positive energy (right hand)
Wands
 r - a wand of iceblast (7)
Scrolls
 d - a scroll of teleportation {unknown}
 e - a scroll of immolation {unknown}
 g - 2 scrolls of remove curse {unknown}
 i - a scroll of magic mapping {unknown}
 m - 3 scrolls of identify {unknown}
 o - a scroll of enchant armour {unknown}
 p - a scroll of random uselessness {unknown}
Potions
 f - a potion of curing {@q1@q1}

Dungeon Overview and Level Annotations

Branches:
Dungeon (3/15)

Altars:

.##...# ###. ...... ....
#...# ## #.##..)#
############. #..=..)#
#............ ######o.#
#............ .......o#
#..)......... #######o#
#.......#..8. #@#
#.......#.8_8 #####.#
#.......#..8.
##.....####.......#....
........................
........................
###.....##############..
#.##### . ... ..#


You could see an orc warrior, an orc wizard (fast) and an orc.


Message History

It was a potion of invisibility.
You fade into invisibility!
You block the orc warrior's attack.
You are very lightly contaminated with residual magic.
You hit the orc warrior but do no damage.
You kick the orc warrior, but do no damage.
The orc warrior hits you with a +0 war axe.
* * * LOW HITPOINT WARNING * * *
You closely miss the orc warrior. Your kick misses the orc warrior.
The orc warrior hits you with a +0 war axe.
* * * LOW HITPOINT WARNING * * *
Your body deteriorates!
You feel clumsy.
You catch the helpless orc warrior completely off-guard!
You hit the orc warrior.
The orc warrior is lightly wounded.
The orc warrior hits you with a +0 war axe.
* * * LOW HITPOINT WARNING * * *
You hit the orc warrior but do no damage.
Your kick misses the orc warrior.
The orc warrior is lightly wounded.
The orc warrior barely misses you.
You riposte.
You hit the orc warrior but do no damage.
The orc warrior is lightly wounded.
Unknown command.
Use which ability? (? or * to list)
Okay, then.
You barely miss the orc warrior.
The orc warrior is lightly wounded.
The orc warrior hits you with a +0 war axe!
You die...

Skill      XL: |  1  2  3 |
---------------+----------+-----
Long Blades    | 2 |  2.8
Invocations    | 3 4 |  4.0
Shields        | 1 |  1.1
Fighting       | |  3.0
Armour         | |  1.7
Dodging        | |  0.8

Action                   || total
-------------------------++-------
Melee: Falchion          ||    78
       Kick              ||    11
Invok: Depart the Abyss  ||     1
  Use: Potion            ||     3
 Stab: Invisible         ||     1
Armor: Leather armour    ||    23
Dodge: Dodged            ||    30
Block: Kite shield       ||     5
       Rpst.: Falchion   ||     8

Levels and vault maps discovered:
D:1:      dpeg_arrival_rooms_c, layout_basic
D:2:      layout_basic
D:3:      layout_basic, chequers_ecumenical_altar_simple

Notes
Turn   | Place    | Note
-------+----------+-------------------------------------------
     0 | Abyss:1  | Dracia the Demonspawn Abyssal Knight began the quest for
                  | the Orb.
     0 | Abyss:1  | Reached XP level 1. HP: 18/18 MP: 2/2
    47 | Abyss:1  | Noticed a ynoxinul
    49 | D:1      | You pass through the gate.
    49 | D:1      | Escaped the Abyss
   393 | D:1      | Reached skill level 2 in Long Blades
   443 | D:1      | Reached skill level 3 in Invocations
   462 | D:1      | Reached * piety under Lugonu
   463 | D:1      | Gained mutation: You have large cloven feet. [demonic
                  | ancestry]
   463 | D:1      | Reached XP level 2. HP: 24/24 MP: 4/4
  1529 | D:3      | Gained mutation: You are partially covered in thin metallic
                  | scales. (AC +2) [demonic ancestry]
  1529 | D:3      | Reached XP level 3. HP: 29/29 MP: 5/5
  1569 | D:3      | Found a faded altar of an unknown god.
  1594 | D:3      | Noticed an orc warrior
  1602 | D:3      | Reached skill level 1 in Shields
  1602 | D:3      | Reached skill level 4 in Invocations
  1607 | D:3      | Gained mutation: Your magical capacity is low. (-10% MP)
                  | [potion of mutation]
  1607 | D:3      | Gained mutation: Your body sometimes deteriorates upon
                  | taking damage. [potion of mutation]
  1607 | D:3      | Gained mutation: You are covered in fur. (AC +1) [potion of
                  | mutation]
  1607 | D:3      | Gained mutation: You are somewhat resistant to further
                  | mutation. [potion of mutation]
  1613 | D:3      | Slain by an orc warrior

Vanquished Creatures
  An orc priest (D:3)
  An adder (D:3)
  A dart slug (D:1)
  A bat (D:1)
  3 giant cockroaches
  5 hobgoblins
  4 frilled lizards
  8 kobolds
  3 rats
27 creatures vanquished.

Table legend: (Time is in decaauts)
 A = Elapsed time spent in this place.
 B = Non-inter-level travel time spent in this place.
 C = Inter-level travel time spent in this place.
 D = Time resting spent in this place.
 E = Time spent auto-exploring this place.
 F = Levels seen in this place.
 G = Mean time per level.
                   A        B        C        D        E       F      G
               +--------+--------+--------+--------+--------+-----+--------+
         Total |   1629 |   1593 |     36 |      0 |   1367 |   4 |  407.2 |
       Dungeon |   1580 |   1544 |     36 |      0 |   1320 |   3 |  526.7 |
         Abyss |     49 |     49 |      0 |      0 |     47 |   1 |   49.0 |
               +--------+--------+--------+--------+--------+-----+--------+

Top non-repeatable levels by time:
     D:1: 872 daAuts
     D:2: 613 daAuts
     D:3: 94 daAuts
 Abyss:1: 49 daAuts

Table legend:
 A = Non-vault XP
 B = Vault XP
 C = Vault XP percentage of total XP
 D = Non-vault monster count
 E = Vault monster count
 F = Vault count percentage of total count
                 A         B        C        D         E       F
            +---------+---------+-------+---------+---------+-------
      Total |      96 |       0 |   0.0 |      27 |       0 |   0.0
            +---------+---------+-------+---------+---------+-------
        D:1 |      24 |       0 |   0.0 |      14 |       0 |   0.0
        D:2 |      14 |       0 |   0.0 |       9 |       0 |   0.0
        D:3 |      58 |       0 |   0.0 |       4 |       0 |   0.0
            +---------+---------+-------+---------+---------+-------
